 Dungeon Crawl Stone Soup version 0.30-b1-2-g02819fbbbe (webtiles) character file.

Game seed: 964645477069572196

11816 Angani the Thaumaturge (level 11, -2/56 HPs)
             Began as a Vine Stalker Conjurer on May 18, 2023.
             Was an Initiate of Ashenzari.
             Succumbed to a cane toad's poison
             ... on level 1 of the Lair of Beasts.
             The game lasted 00:34:25 (9386 turns).

Angani the Thaumaturge (Vine Stalker Conjurer)      Turns: 9386, Time: 00:34:25

Health: -2/56      AC: -1    Str:  9    XL:     11   Next: 83%
Magic:  3/25       EV: 10    Int: 28    God:    Ashenzari [......]
Gold:   485        SH:  0    Dex: 15    Spells: 8/29 levels left

rFire   . . .        o - +7 dagger of Aryfoaho {freeze, *Corrode rElec Will+}
rCold   . . .        (shield unavailable)
rNeg    . . .        K - +0 troll leather armour
rPois   .            F - +0 helmet
rElec   +            B - +1 cloak "Qugaifif" {Rampage Will+ Str-2 Dex+3}
rCorr   .            E - +0 pair of gloves
SInv    .            (no boots)
Will    +++..        j - amulet of magic regeneration Stlth
                     (ring unavailable)
HPRegen 1.89/turn    f - +6 ring of intelligence
MPRegen 0.59/turn

%: corrode self (3%), guardian spirit, rampage
@: lethally poisoned (-2 -> -27), corroded
A: fangs 3, regeneration 1, magic shield, antimagic bite, no potion heal 2,
missing a hand, no stealth, inability to train dodging, reduced AC 1
a: Renounce Religion


You were on level 1 of the Lair of Beasts.
You worshipped Ashenzari.
Ashenzari was noncommittal.
You visited 3 branches of the dungeon, and saw 12 of its levels.
You also visited: Bailey.

You collected 674 gold pieces.
You spent 189 gold pieces at shops.

Inventory:

Hand Weapons
 o - the +7 dagger of Aryfoaho (weapon) {freeze, *Corrode rElec Will+}
   (You bought it in a shop on level 4 of the Dungeon)

   rElec:     It insulates you from electricity.
   *Corrode:  It may corrode you when you take damage.
   Will:      It increases your willpower.
Missiles
 g - a throwing net
Armour
 B - the +1 cloak "Qugaifif" (worn) {Rampage Will+ Str-2 Dex+3}
   (You found it in a bailey)

   Str:       It affects your strength (-2).
   Dex:       It affects your dexterity (+3).
   Rampage:   It bestows one free step when moving towards enemies.
   Will:      It increases your willpower.
 E - a +0 pair of gloves (worn)
 F - a +0 helmet (worn)
 K - a +0 troll leather armour (worn)
Magical Staves
 s - a staff of air
Jewellery
 f - a +6 ring of intelligence (right hand)
 j - an amulet of magic regeneration (around neck)
 n - a ring of protection from fire
 D - a ring of protection from cold
 H - a +6 ring of dexterity
Wands
 q - a wand of paralysis (9)
 I - a wand of mindburst (9)
Scrolls
 a - a scroll of immolation {unknown}
 e - 2 scrolls of magic mapping {unknown}
 h - 6 scrolls of teleportation {unknown}
 i - 4 scrolls of enchant armour {unknown}
 k - 2 scrolls of vulnerability {unknown}
 p - 2 scrolls of silence {unknown}
 u - 3 scrolls of amnesia {unknown}
 v - a scroll of blinking {unknown}
 x - 2 scrolls of fog {unknown}
 y - 2 scrolls of enchant weapon {unknown}
 A - a scroll of acquirement
 C - 4 scrolls of identify {unknown}
 G - 2 scrolls of fear {unknown}
Potions
 b - a potion of magic
 c - 8 potions of curing
 d - 3 potions of mutation {unknown}
 l - 3 potions of degeneration {unknown}
 m - a potion of cancellation {unknown}
 r - 2 potions of attraction {unknown}
 t - 2 potions of brilliance {unknown}
 w - 4 potions of haste {unknown}
 z - 3 potions of might {unknown}
 J - a potion of ambrosia {unknown}


   Skills:
 + Level 6.0 Fighting
 + Level 9.9 Spellcasting
 - Level 8.0 Conjurations
 - Level 7.5 Hexes
 - Level 7.0 Necromancy
 - Level 7.2 Translocations


You had 8 spell levels left.
You knew the following spells:

 Your Spells              Type           Power      Damage    Failure   Level
a - Magic Dart            Conj           100%       1d8       1%          1
b - Searing Ray           Conj           100%       2d8       1%          2
c - Fulminant Prism       Conj/Hex       27%        3d14      2%          4
d - Iskenderun's Mystic   Conj/Tloc      54%        2d12      2%          4
e - Dispel Undead         Necr           52%        3d19      3%          4
f - Blink                 Tloc           100%       N/A       1%          2
g - Passage of Golubria   Tloc           53%        N/A       2%          4

Your spell library contained the following spells:

 Spells                   Type           Power      Damage    Failure   Level
 Kiss of Death            Conj/Necr      100%       2d13      1%          1
 Ensorcelled Hibernation  Hex/Ice        70%        N/A       1%          2
 Lesser Beckoning         Tloc           100%       N/A       1%          2
 Momentum Strike          Conj/Tloc      100%       3d10      1%          2
 Confusing Touch          Hex            54%        N/A       1%          3
 Dazzling Flash           Conj/Hex       100%       N/A       1%          3
 Anguish                  Hex/Necr       26%        N/A       2%          4
 Spider Form              Tmut/Pois      13%        N/A       17%         3
 Silence                  Hex/Air        17%        N/A       32%         5
 Lehudib's Crystal Spear  Conj/Erth      18%        10d5      100%        8


Dungeon Overview and Level Annotations

Branches:
Dungeon (10/15)            Temple (1/1) D:7            Lair (1/5) D:10
 Bailey (visited)
    Orc: D:9-12

Altars:
Ashenzari
Cheibriados
Dithmenos
Elyvilon
Fedhas
Gozag
Hepliaklqana
Kikubaaqudgha
Makhleb
Nemelex Xobeh
Okawaru
Qazlal
Ru
Sif Muna
Trog
Uskayaw
Vehumet
Wu Jian
Xom
Yredelemnul
Zin
The Shining One

Shops:
D:4 (   D:5 (   D:6 *

Annotations:
D:3 exclusion: door
D:8 1 runed translucent door, rikstar's ghost, novice GrFi
Lair:1 3 runed translucent doors, Keadol's ghost, journeyman DrCj


Innate Abilities, Weirdness & Mutations

You have razor-sharp teeth.
Your natural rate of healing is unusually fast.
When hurt, damage is shared between your health and your magic reserves.
Your bite disrupts and absorbs the magic of your enemies.
Potions cannot restore your health.
You are missing a hand.
You cannot be stealthy.
You cannot train Dodging skill.
You take slightly more damage. (AC -5)


Message History

The searing ray hits the cane toad!
The cane toad is severely wounded.
The cane toad stings you.
You are poisoned.
The cane toad poisons you!
The searing ray hits the cane toad but does no damage.
The cane toad is heavily wounded.
The searing ray hits the bullfrog!
The bullfrog is heavily wounded.
You finish channelling your searing ray.
You feel very sick. The cane toad stings you!
You are more poisoned.
The cane toad poisons you!
The bullfrog hits you but does no damage.
Casting: Searing Ray (safe; 1% risk of failure)
Confirm with . or Enter, or press ? or * to list all spells.
Aiming: Searing Ray (safe; 1% risk of failure)
Press: ? - help, Shift-Dir - straight line, f/p - cane toad
Aim: a cane toad (heavily wounded, 85% to hit)
The searing ray hits the cane toad.
The cane toad is severely wounded. (Press . to maintain the ray.)
You feel extremely sick. The cane toad barely misses you.
The bullfrog hits you.
Your corrosive artefact corrodes you!
The cane toad stings you!
You are lethally poisoned!
The cane toad poisons you!
The searing ray hits the cane toad!
The cane toad is almost dead.
* * * LOW HITPOINT WARNING * * *
You feel extremely sick. The bullfrog hits you.
* * * LOW HITPOINT WARNING * * *
The cane toad closely misses you. The bullfrog hits you!
* * * LOW HITPOINT WARNING * * *
Unknown command.
The searing ray hits the cane toad!
You kill the cane toad!
You die...

.. ... ..# ##.... ..##
.. .# ........ ... .. ..
......... ..####.###.
......... .......... .
....#.#.####..#..P.###..
..............*.........
#PP.........#†###.......
................@.......
.....=....#####..F......
........................
........#####..P####.###
........######.## #
.................
.##.#.#.##...#...
..>.............(
...##.##P.#.##...


You could see a bullfrog.

Vanquished Creatures
  4 two-headed ogres
  Erica (Lair:1)
  Pikel (D:8)
  An orc knight (Bailey)
  Maggie (D:10)
  Psyche (D:10)
  A cane toad (Lair:1)
  2 komodo dragons (Lair:1)
  A troll (D:10)
  Grinder (D:3)
  A hornet (D:10)
  Sigmund (D:3)
  A wraith (D:10)
  9 yaks (D:9)
  2 wyverns
  An acid dragon (D:8)
  A water moccasin (D:8)
  4 orc warriors
  2 ogres (D:10)
  An ice beast (D:6)
  A wolf (D:10)
  2 centaurs
  A phantom (D:6)
  4 lemures (D:8)
  2 kobold brigands
  4 bullfrogs
  A gnoll sergeant (D:9)
  2 scorpions
  3 wights (D:10)
  15 killer bees
  5 electric eels (D:10)
  7 orc priests
  2 gnoll boudas (D:7)
  9 hounds
  A jelly (D:4)
  3 sleepcaps
  7 iguanas
  Terence (D:3)
  11 orc wizards
  19 gnolls
  11 adders
  2 shadow imps (D:7)
  2 white imps (D:7)
  An ufetubus (D:6)
  5 worms
  5 dart slugs
  49 orcs
  5 bats
  8 endoplasms
  3 giant cockroaches
  11 goblins
  15 hobgoblins
  4 jackals (D:2)
  20 kobolds
  2 quokkas (D:2)
  8 ball pythons
  3 rats
291 creatures vanquished.

Vanquished Creatures (others)
  A killer bee (D:8)
  An orc wizard (D:7)
  41 fulminant prisms
  4 fungi (Lair:1)
  A plant (Lair:1)
48 creatures vanquished.

Grand Total: 339 creatures vanquished

Notes
Turn   | Place    | Note
-------+----------+-------------------------------------------
     0 | D:1      | Angani the Vine Stalker Conjurer began the quest for the
                  | Orb.
     0 | D:1      | Reached XP level 1. HP: 9/9 MP: 4/4
   209 | D:1      | Reached XP level 2. HP: 13/13 MP: 2/6
   506 | D:1      | Learned a level 2 spell: Searing Ray
   851 | D:1      | Reached XP level 3. HP: 16/16 MP: 6/8
  1019 | D:2      | Reached skill level 3 in Spellcasting
  1516 | D:2      | Gained mutation: Your natural rate of healing is unusually
                  | fast. [Vine Stalker growth]
  1516 | D:2      | Reached XP level 4. HP: 21/21 MP: 6/10
  1978 | D:3      | Reached skill level 5 in Conjurations
  2088 | D:3      | Found a stormy altar of Qazlal.
  2090 | D:3      | Noticed Terence
  2102 | D:3      | Killed Terence
  2115 | D:3      | Found a sacrificial altar of Ru.
  2118 | D:3      | Found an ancient bone altar of Kikubaaqudgha.
  2132 | D:3      | Became a worshipper of Ru the Awakened
  2292 | D:3      | Noticed Sigmund
  2305 | D:3      | Killed Sigmund
  2306 | D:3      | Reached skill level 4 in Spellcasting
  2306 | D:3      | Reached XP level 5. HP: 12/24 MP: 0/13
  2306 | D:3      | Reached XP level 6. HP: 14/28 MP: 0/14
  2593 | D:3      | Found a shimmering blue altar of Sif Muna.
  2721 | D:3      | Noticed Grinder
  2728 | D:3      | Killed Grinder
  2729 | D:3      | Reached skill level 5 in Spellcasting
  2729 | D:3      | Reached XP level 7. HP: 29/32 MP: 10/16
  2741 | D:3      | Found a hazy altar of Hepliaklqana.
  2905 | D:4      | Found an ornate altar of the Wu Jian Council.
  3194 | D:4      | Reached skill level 6 in Spellcasting
  3227 | D:4      | Found Isium's Antique Weapon Boutique.
  3233 | D:4      | Bought a twisted dagger for 189 gold pieces
  3233 | D:4      | Identified the +7 dagger of Aryfoaho {freeze, *Corrode
                  | rElec Will+} (You bought it in a shop on level 4 of the
                  | Dungeon)
  3239 | D:4      | Gained mutation: You cannot train Dodging skill. [Ru
                  | sacrifice]
  3239 | D:4      | Reached * piety under Ru
  3520 | D:4      | Gained mutation: You have razor-sharp teeth. [Vine Stalker
                  | growth]
  3520 | D:4      | Reached XP level 8. HP: 36/36 MP: 14/18
  3680 | D:5      | Entered Level 5 of the Dungeon
  3724 | D:5      | Reached skill level 7 in Spellcasting
  4136 | D:5      | Learned a level 4 spell: Fulminant Prism
  4141 | D:5      | Learned a level 4 spell: Iskenderun's Mystic Blast
  4146 | D:5      | Learned a level 4 spell: Dispel Undead
  4283 | D:5      | Found Sefykon's Weapon Shoppe.
  4358 | D:6      | Reached skill level 1 in Hexes
  4358 | D:6      | Reached skill level 1 in Necromancy
  4358 | D:6      | Reached skill level 1 in Translocations
  4631 | D:6      | Found Nuodamih's Assorted Antiques.
  4727 | D:6      | Reached XP level 9. HP: 39/39 MP: 16/20
  4818 | D:6      | Found a snail-covered altar of Cheibriados.
  4865 | D:6      | Found a white marble altar of Elyvilon.
  4991 | D:7      | Gained mutation: You take slightly more damage. (AC -5) [Ru
                  | sacrifice]
  4991 | D:7      | Reached ** piety under Ru
  4991 | D:7      | Reached *** piety under Ru
  5004 | D:7      | Found a flagged portal.
  5014 | Bailey   | Entered a bailey
  5035 | Bailey   | Noticed an orc warlord
  5054 | Bailey   | Learned a level 2 spell: Blink
  5146 | Bailey   | Found a runed translucent gate.
  5148 | Bailey   | Found a runed translucent gate.
  5150 | Bailey   | Found a runed translucent gate.
  5161 | Bailey   | Noticed an orc knight
  5188 | Bailey   | Killed an orc knight
  5420 | Bailey   | Identified the +1 cloak "Qugaifif" {Rampage Will+ Str-2
                  | Dex+3}
  5820 | D:7      | Found a staircase to the Ecumenical Temple.
  6070 | D:7      | Noticed a deep troll
  6070 | D:7      | Noticed a deep troll
  6070 | D:7      | Noticed a deep troll
  6152 | D:8      | Reached skill level 5 in Hexes
  6152 | D:8      | Reached skill level 5 in Translocations
  6173 | D:8      | Found a shimmering altar of Xom.
  6178 | D:8      | Reached skill level 5 in Necromancy
  6187 | D:8      | Found a shimmering altar of Xom.
  6187 | D:8      | Found a shimmering altar of Xom.
  6187 | D:8      | Found a shimmering altar of Xom.
  6187 | D:8      | Found a shimmering altar of Xom.
  6187 | D:8      | Found a shimmering altar of Xom.
  6231 | D:8      | Noticed rikstar's ghost (novice GrFi)
  6234 | D:8      | Found a runed translucent door.
  6388 | D:8      | Noticed Pikel
  6415 | D:8      | Killed Pikel
  6416 | D:8      | Reached XP level 10. HP: 23/44 MP: 0/21
  6895 | D:8      | Gained mutation: You cannot be stealthy. [Ru sacrifice]
  7193 | D:9      | Noticed a two-headed ogre
  7344 | D:9      | Noticed a two-headed ogre
  7360 | D:9      | Killed a two-headed ogre
  7392 | D:9      | Learned a level 4 spell: Passage of Golubria
  7490 | D:9      | Noticed a two-headed ogre
  7503 | D:9      | Killed a two-headed ogre
  7504 | D:9      | Reached XP level 11. HP: 50/50 MP: 9/23
  7543 | D:9      | Reached skill level 8 in Spellcasting
  7724 | D:9      | Noticed a two-headed ogre
  7735 | D:9      | Killed a two-headed ogre
  8080 | D:10     | Entered Level 10 of the Dungeon
  8348 | D:10     | Identified the +6 hand axe of Jaucisex {speed, Str+5 Dex+2}
  8417 | D:10     | Noticed Psyche
  8424 | D:10     | Killed Psyche
  8427 | D:10     | Reached skill level 9 in Spellcasting
  8560 | D:10     | Found a glowing silver altar of Zin.
  8591 | D:10     | Found a staircase to the Lair.
  8651 | D:10     | Noticed Maggie
  8663 | D:10     | Killed Maggie
  8664 | D:10     | Reached skill level 5 in Fighting
  8715 | D:10     | Gained mutation: You are missing a hand. [Ru sacrifice]
  8715 | D:10     | Reached **** piety under Ru
  8715 | D:10     | Reached ***** piety under Ru
  8715 | D:10     | Reached ****** piety under Ru
  8754 | D:10     | Noticed a two-headed ogre
  8768 | D:10     | Killed a two-headed ogre
  8939 | Temple   | Entered the Ecumenical Temple
  9128 | Temple   | Fell from the grace of Ru
  9128 | Temple   | Became a worshipper of Ashenzari the Shackled
  9234 | Lair:1   | Entered Level 1 of the Lair of Beasts
  9246 | Lair:1   | Found a runed translucent gate.
  9246 | Lair:1   | Found a runed translucent gate.
  9246 | Lair:1   | Found a runed translucent gate.
  9246 | Lair:1   | Noticed Keadol's ghost (journeyman DrCj)
  9250 | Lair:1   | Noticed Erica
  9267 | Lair:1   | Killed Erica
  9386 | Lair:1   | Succumbed to a cane toad's poison

Illustrated notes

Levels and vault maps discovered:
D:1:      reono_arrival_mine, layout_loops_ring
D:2:      layout_loops_corners
D:3:      layout_loops_ring, mainiacjoe_overflow_boulevard, minitemple,
          led_sif_book, uniq_terence, uniq_sigmund, uniq_grinder
D:4:      layout_loops_cross, kennysheep_little_box, serial_shops, shop,
          minmay_pentangle
D:5:      layout_loops_ring, kennysheep_small_circle
D:6:      layout_rooms, elyvilon_altar_1, cheibrodos_worm_habitat, serial_shops,
          shop
D:7:      layout_loops_ring, minmay_temple_entry_stoned_glass, enter_bailey_5,
          hellmonk_guarded_unrand_vitality_bloodlust
D:8:      layout_basic, xom_redecorated, hellmonk_ghost_happy_afterlife,
          uniq_pikel
D:9:      layout_basic, nicolae_fountain_basement
D:10:     layout_roguey [special_room_orc], mainiacjoe_overflow_alcove_2,
          erik_lair_island, minivault_24, evilmike_butchery, uniq_maggie,
          uniq_psyche
Temple:   hc_temple_tempest_star
Lair:1:   layout_long_grid, ebering_ghost_rock_garden, uniq_erica, uniq_joseph,
          uniq_gastronok

Skill      XL: |  1  2  3  4  5  6  7  8  9 10 11 |
---------------+----------------------------------+-----
Spellcasting   | 3 4 5 6 7 9 |  9.9
Conjurations   | 5 6 7 8 |  8.0
Dodging        | 0 |  0.0
Hexes          | 2 5 7 |  7.5
Necromancy     | 2 5 7 |  7.0
Translocations | 2 5 7 |  7.2
Stealth        | 0 |  0.0
Fighting       | 2 6 |  6.0

Action                     |  1- 3 |  4- 6 |  7- 9 | 10-12 || total
---------------------------+-------+-------+-------+-------++-------
  Melee: Dagger            |       |       |     7 |     3 ||    10
         Bite              |       |       |     1 |     1 ||     2
   Cast: Magic Dart        |    71 |    27 |   157 |    58 ||   313
         Searing Ray       |     2 |    11 |    79 |    32 ||   124
         Blink             |       |       |     2 |     7 ||     9
         Fulminant Prism   |       |       |       |    41 ||    41
         Iskenderun's Myst |       |       |       |    14 ||    14
         Dispel Undead     |       |       |       |     6 ||     6
 Invoke: Sacrifice Nimblen |       |       |     1 |       ||     1
         Draw Out Power    |       |       |     2 |       ||     2
         Sacrifice Health  |       |       |     1 |       ||     1
         Sacrifice Stealth |       |       |       |     1 ||     1
         Sacrifice a Hand  |       |       |       |     1 ||     1
  Evoke: Wand              |       |       |     2 |       ||     2
   Stab: Sleeping          |       |       |     1 |       ||     1
 Armour: Robe              |     1 |     2 |     4 |     4 ||    11
         Troll leather arm |       |       |       |     2 ||     2
  Dodge: Dodged            |     2 |     8 |    74 |    49 ||   133
